 Dungeon Crawl Stone Soup version 0.32-a0-163-g159c032296 (webtiles) character file.

Game seed: 719479301231576373

333 cforsyth the Trooper (level 6, 0/48 HPs)
             Began as a Djinni Hexslinger on Feb 11, 2024.
             Slain by a ball python (2 damage)
             ... in a sewer.
             The game lasted 00:06:22 (2782 turns).

cforsyth the Trooper (Djinni Hexslinger)            Turns: 2782, Time: 00:06:23

Health: 0/48       AC:  3    Str:  6    XL:     6   Next: 83%
Gold:   259        EV:  9    Int: 21    God:
                   SH:  0    Dex: 14

rFire   + + +        a - +2 sling
rCold   . . .        (no shield)
rNeg    . . .        c - +0 robe
rPois   ∞            (helmet restricted)
rElec   .            m - scarf {rC+ rF+}
rCorr   .            n - +0 pair of gloves
SInv    .            (boots unavailable)
Will    .....        (no amulet)
Stlth   +            (no ring)
HPRegen 0.28/turn    (no ring)
MPRegen 0.00/turn

%: infuse magic (-1 HP)
@: flying, very slightly contaminated, constricted
A: sickness immunity, fire resistance 2, cold vulnerability 1, float, innate
caster, HP casting, extra vitality 1, horns 1, clever 1
a: no special abilities


You were in a sewer.
You visited 1 branch of the dungeon, and saw 4 of its levels.
You also visited: Sewer.

You collected 259 gold pieces.


Innate Abilities, Weirdness & Mutations

You are immune to sickness and miasma.
You are immune to poison.
Your flesh is very heat resistant. (rF++)
You are vulnerable to cold. (rC-)
You float through the air rather than walking.
You learn spells naturally, not from books.
Your magical power is your life essence.
You have superior vitality. (+4 MHP)
You have a pair of small horns on your head.
Your mind is acute. (Int +4, Str/Dex -1)


   Skills:
 + Level 4.6 Fighting
 - Level 1.5 Ranged Weapons
 - Level 2.1 Dodging
 + Level 4.3 Spellcasting
 + Level 4.3 Conjurations
 + Level 4.3 Hexes
   Level 0.0 Charms
 + Level 4.3 Summonings
 + Level 4.3 Necromancy
 + Level 4.3 Translocations
   Level 0.0 Transmutations
 + Level 4.3 Fire Magic
 + Level 4.3 Ice Magic
 + Level 4.3 Air Magic
 + Level 4.3 Earth Magic
 + Level 4.3 Alchemy


You knew the following spells:

 Your Spells              Type           Power      Damage    Failure   Level
a - Mercury Vapours       Alch/Air       44%        N/A       3%          2
c - Cause Fear            Hex            11%        N/A       19%         4
f - Inner Flame           Hex/Fire       22%        N/A       6%          3
z - Sandblast             Erth           44%        2d11      1%          1
X - Jinxbite              Hex            44%        N/A       3%          2
Y - Sigil of Binding      Hex            22%        N/A       6%          3
Z - Dimensional Bullseye  Hex/Tloc       11%        N/A       19%         4
Your spell library was empty.

Inventory:

Hand Weapons
 a - a +2 sling (weapon)
Armour
 c - a +0 robe (worn)
 m - a scarf of resistance (worn)
 n - a +0 pair of gloves (worn)
 s - a +0 helmet
Magical Staves
 q - a staff of fire {!a}
Wands
 h - a wand of flame (16)
 l - a wand of paralysis (1)
Scrolls
 b - a scroll of poison
 d - 2 scrolls of teleportation {@r2}
 f - a scroll of identify {@r1}
 p - a scroll of torment

Dungeon Overview and Level Annotations

Branches:
Dungeon (4/15)              Sewer (1/1)
 Temple: D:4-7

Altars:
Hepliaklqana

Annotations:
D:2 1 runed translucent door, Crazy Yiuf

###..#####..∩#
##..##...### ##..
.##.......## ##.†..
............°##☼.....
..............†§.....
...............°°...~~
~~........~rrr~~†~~~~≈
~~~~.....~~≈≈≈≈≈≈≈≈≈≈≈
≈≈≈~~~~~~~≈≈≈r@≈≈≈≈≈≈≈
≈≈≈≈≈≈r≈≈≈≈≈SS≈≈≈≈≈≈≈
≈≈≈~≈≈≈≈≈≈≈≈≈≈≈≈≈≈≈
~~~~~~rrr≈≈≈≈≈≈≈≈≈≈
r.....lrrrrJr##≈≈≈
.........rSr. ##
......##..... ....#
#......


You could see an adder, a river rat (inner flame, paralysed), an endoplasm, 2
ball pythons, a frilled lizard and 14 rats.


Message History

Unknown command.
Okay, then.
Unknown command.
You aren't carrying any potions.
Okay, then.
Unknown command.
Aiming: Paralyse
Press: ? - help, Shift-Dir - straight line, f/p - river rat
Aim: a river rat (water, inner flame, chance to affect: 57%)
The river rat suddenly stops moving!
The frilled lizard hisses angrily.
The adder bites you.
* * * LOW HITPOINT WARNING * * *
The ball python bites you but does no damage.
The ball python constricts you.
Aiming: Paralyse
Press: ? - help, Shift-Dir - straight line, f - adder, p - river rat
Aim: an adder (water, chance to affect: 57%)
The adder resists with significant effort.
The adder bites you.
* * * LOW HITPOINT WARNING * * *
The ball python closely misses you. The ball python constricts you.
The adder bites you.
* * * LOW HITPOINT WARNING * * *
Aiming: Paralyse
Press: ? - help, Shift-Dir - straight line, f/p - adder
Aim: an adder (water, chance to affect: 57%)
The adder resists with significant effort.
The ball python bites you.
You die...

Skill      XL: |  1  2  3  4  5 |
---------------+----------------+-----
Spellcasting   | 3 4 |  4.3
Conjurations   | 3 4 |  4.3
Hexes          | 3 4 |  4.3
Summonings     | 3 4 |  4.3
Necromancy     | 3 4 |  4.3
Translocations | 3 4 |  4.3
Fire Magic     | 3 4 |  4.3
Ice Magic      | 3 4 |  4.3
Air Magic      | 3 4 |  4.3
Earth Magic    | 3 4 |  4.3
Alchemy        | 3 4 |  4.3
Fighting       | 2 3 4 |  4.6
Ranged Weapons | |  1.5
Dodging        | |  2.1

Action                     |  1- 3 |  4- 6 || total
---------------------------+-------+-------++-------
   Fire: Sling             |    91 |    98 ||   189
   Cast: Sandblast         |     3 |     2 ||     5
         Inner Flame       |       |    26 ||    26
  Evoke: Wand              |       |     4 ||     4
    Use: Scroll            |       |     9 ||     9
         Potion            |       |     3 ||     3
 Armour: Robe              |    27 |    44 ||    71
  Dodge: Dodged            |    24 |    27 ||    51

Levels and vault maps discovered:
D:1:      amcnicky_arrival_flooded_fountain, layout_basic,
          minmay_misc_feat_five, st_stairs_8, hex_intersection
D:2:      layout_rooms, basic_altar, uniq_crazy_yiuf_cottage
D:3:      layout_basic, mainiacjoe_overflow_paths,
          chequers_serial_rivers_micro_a, corexii_hall_statues_u,
          minmay_misc_feat_pillars, minmay_starry_boxes, uniq_robin,
          uniq_jessica, uniq_ijyb, uniq_terence
D:4:      layout_rooms, gup_sewer_entry_glass, due_unseen_surprise
Sewer:    sewer_minmay_treatment

Notes
Turn   | Place    | Note
-------+----------+-------------------------------------------
     0 | D:1      | cforsyth the Djinni Hexslinger began the quest for the Orb.
     0 | D:1      | cforsyth set off with the following spells memorised:
                  | Jinxbite, Sigil of Binding, Inner Flame, Cause Fear,
                  | Dimensional Bullseye.
     0 | D:1      | Reached XP level 1. HP: 17/17 MP: 0/0
   176 | D:1      | Reached XP level 2. HP: 21/22 MP: 0/0
   186 | D:1      | You are sucked into a shaft and drop 1 floor!
   227 | D:2      | Reached skill level 3 in Spellcasting
   227 | D:2      | Reached skill level 3 in Conjurations
   227 | D:2      | Reached skill level 3 in Hexes
   227 | D:2      | Reached skill level 3 in Summonings
   227 | D:2      | Reached skill level 3 in Necromancy
   227 | D:2      | Reached skill level 3 in Translocations
   227 | D:2      | Reached skill level 3 in Fire Magic
   227 | D:2      | Reached skill level 3 in Ice Magic
   227 | D:2      | Reached skill level 3 in Air Magic
   227 | D:2      | Reached skill level 3 in Earth Magic
   227 | D:2      | Reached skill level 3 in Alchemy
   353 | D:2      | Reached skill level 2 in Fighting
   353 | D:2      | Reached XP level 3. HP: 28/28 MP: 0/0
   353 | D:2      | Learned a level 1 spell: Sandblast
   407 | D:2      | Found a hazy altar of Hepliaklqana.
   738 | D:1      | Reached XP level 4. HP: 34/34 MP: 0/0
  1289 | D:2      | Found a runed translucent door.
  1290 | D:2      | Noticed Crazy Yiuf
  1509 | D:3      | Noticed Robin
  1672 | D:3      | Noticed Ijyb
  1676 | D:3      | Killed Ijyb
  1677 | D:3      | Reached skill level 3 in Fighting
  1727 | D:3      | Identified a scarf of resistance
  1830 | D:3      | Noticed Terence
  1834 | D:3      | Killed Terence
  1835 | D:3      | Reached XP level 5. HP: 38/40 MP: 0/0
  1835 | D:3      | Learned a level 2 spell: Mercury Vapours
  1985 | D:3      | Killed Robin
  2081 | D:3      | Noticed Jessica
  2088 | D:3      | Killed Jessica
  2089 | D:3      | Reached skill level 4 in Fighting
  2089 | D:3      | Reached skill level 4 in Spellcasting
  2089 | D:3      | Reached skill level 4 in Conjurations
  2089 | D:3      | Reached skill level 4 in Hexes
  2089 | D:3      | Reached skill level 4 in Summonings
  2089 | D:3      | Reached skill level 4 in Necromancy
  2089 | D:3      | Reached skill level 4 in Translocations
  2089 | D:3      | Reached skill level 4 in Fire Magic
  2089 | D:3      | Reached skill level 4 in Ice Magic
  2089 | D:3      | Reached skill level 4 in Air Magic
  2089 | D:3      | Reached skill level 4 in Earth Magic
  2089 | D:3      | Reached skill level 4 in Alchemy
  2089 | D:3      | Reached XP level 6. HP: 30/47 MP: 0/0
  2416 | D:4      | Gained mutation: Your mind is acute. (Int +4, Str/Dex -1)
                  | [potion of mutation]
  2416 | D:4      | Gained mutation: You have a pair of small horns on your
                  | head. [potion of mutation]
  2420 | D:4      | Found a glowing drain.
  2431 | D:4      | HP: 2/48 [something/puff of flame (1)]
  2637 | Sewer    | Entered a sewer
  2781 | Sewer    | HP: 4/48 [adder (2)]
  2782 | Sewer    | Slain by a ball python

Vanquished Creatures
  A scorpion (D:4)
  Jessica (D:3)
  Ijyb (D:3)
  An orc wizard (D:4)
  Terence (D:3)
  Robin (D:3)
  2 river rats (Sewer)
  2 adders
  2 ribbon worms (D:2)
  2 dart slugs (D:2)
  3 orcs (D:4)
  7 ball pythons
  5 endoplasms
  7 giant cockroaches
  7 goblins
  12 hobgoblins
  3 kobolds
  7 quokkas
  3 bats
  2 frilled lizards
  8 rats
78 creatures vanquished.

Vanquished Creatures (others)
  A scorpion (D:3)
1 creature vanquished.

Grand Total: 79 creatures vanquished

Table legend: (Time is in decaauts)
 A = Elapsed time spent in this place.
 B = Non-inter-level travel time spent in this place.
 C = Inter-level travel time spent in this place.
 D = Time resting spent in this place.
 E = Time spent auto-exploring this place.
 F = Levels seen in this place.
 G = Mean time per level.
                   A        B        C        D        E       F      G
               +--------+--------+--------+--------+--------+-----+--------+
         Total |   2829 |   2665 |    164 |    291 |   1797 |   5 |  565.8 |
       Dungeon |   2682 |   2518 |    164 |    291 |   1675 |   4 |  670.5 |
         Sewer |    146 |    146 |      0 |      0 |    122 |   1 |  146.0 |
               +--------+--------+--------+--------+--------+-----+--------+

Top non-repeatable levels by time:
     D:3: 865 daAuts
     D:2: 826 daAuts
     D:1: 709 daAuts
     D:4: 280 daAuts
   Sewer: 146 daAuts

Table legend:
 A = Non-vault XP
 B = Vault XP
 C = Vault XP percentage of total XP
 D = Non-vault monster count
 E = Vault monster count
 F = Vault count percentage of total count
                 A         B        C        D         E       F
            +---------+---------+-------+---------+---------+-------
      Total |     283 |     194 |  40.7 |      52 |      27 |  34.2
            +---------+---------+-------+---------+---------+-------
        D:1 |      20 |       2 |   9.1 |      11 |       1 |   8.3
        D:2 |      57 |       0 |   0.0 |      21 |       0 |   0.0
        D:3 |      74 |     142 |  65.7 |      10 |      16 |  61.5
        D:4 |     132 |      19 |  12.6 |      10 |       4 |  28.6
      Sewer |       0 |      31 | 100.0 |       0 |       6 | 100.0
            +---------+---------+-------+---------+---------+-------
